cohdb
Replays
Latest Replays
All Replays
Popular Replays
Top Player Replays
Match Explorer
How It Works
Community
CoH3 Stats
Reddit
Sign in to upload your games and track your stats! →
Sign in with Steam
Match 42555847
Unlisted
Match 42555847
Overview
Messages
Build Orders
End
Royal Engineer Section
Construct Section Command Post
Dingo Light Scout Car
Infantry Section
Construct Field Infirmary
Infantry Section
Construct Platoon Command Post
Selects Heavy Armor Battlegroup
Selects Rigorous Vehicle Training
Grenade Package
6-pounder Anti-tank Gun Team
Infantry Training
Vickers Machine Gun Team
6-pounder Anti-tank Gun Team
Construct Company Command Post
Crusader II Medium Tank
Selects Forward Repair Assembly
Royal Engineer Section
Crusader II Medium Tank
Adam
Zoj
Porygon
Cyb/R
0
0
Comments
sign in to comment!
No comments posted yet!